 Dungeon Crawl Stone Soup version 0.21-a0-344-g2144152 (webtiles) character file.

6 namelastname112 the Sneak (level 1, 0/8 HPs)
             Began as a Felid Wanderer on Oct 5, 2017.
             Slain by an adder (5 damage)
             ... on level 2 of the Dungeon.
             The game lasted 00:00:22 (154 turns).

namelastname112 the Sneak (Felid Wanderer)           Turns: 154, Time: 00:00:22

Health: 0/8        AC:  1    Str:  7    XL:     1   Next: 75%
Magic:  5/5        EV: 15    Int: 15    God:
Gold:   11         SH:  0    Dex: 14    Spells: 6/6 levels left
                                        Lives:  0   Deaths: 0

rFire    . . .     SeeInvis +     - Unarmed
rCold    . . .     Gourm    .   (shield unavailable)
rNeg     . . .     Faith    .   (armour unavailable)
rPois    .         Spirit   .   (helmet unavailable)
rElec    .         Reflect  .   (cloak unavailable)
rCorr    .         Harm     .   (gloves unavailable)
MR       .....                  (boots unavailable)
Stlth    ++........             (no amulet)
HPRegen  0.02/turn              e - ring of loudness (curse)
MPRegen  0.09/turn              (no ring)

@: quick
A: no armour, no weapons or thrown items, stealth, claws 1, fangs 3, see
invisible, carnivore 3, speed 1, shaggy fur 1, slow metabolism 1, sharp paws
a: no special abilities


You were on level 2 of the Dungeon.
You were full.

You visited 1 branch of the dungeon, and saw 2 of its levels.

You collected 11 gold pieces.

Inventory:

Jewellery
 e - a cursed ring of loudness (left paw)
Scrolls
 a - a scroll of fear
Potions
 b - a potion of heal wounds
 c - a potion of curing
Books
 d - the Compendium of Slavery

   Spells                             Type                      Level
   a - Summon Butterflies             Summoning                    1
   b - Call Canine Familiar           Summoning                    3
Comestibles
 f - a meat ration


   Skills:
 + Level 0.3 Fighting
 + Level 0.6 Dodging
 + Level 4.1 Stealth
 * Level 3.1 Unarmed Combat
 - Level 3.0 Spellcasting
   Level 1.1 Evocations


You had 6 spell levels left.
You didn't know any spells.

Dungeon Overview and Level Annotations

Branches:
Dungeon (1/15)

Altars:


Innate Abilities, Weirdness & Mutations

You cannot wear armour.
You are incapable of wielding weapons or throwing items.
Your paws allow you to move quietly. (Stealth)
You have sharp claws.
You have razor-sharp teeth.
You have supernaturally acute eyesight. (SInv)
You are carnivorous and can eat meat at any time.
You cover ground quickly.
You are covered in fur. (AC +1)
You have a slow metabolism.
Your sharp claws are effective at attacking unaware monsters.


Message History

Unknown command.
Unknown command.
Key pressed, stopping explore.
An adder comes into view.
The adder hisses angrily.
An adder is nearby!
An adder is nearby!
The adder barely misses you.
You scratch the adder.
The adder is lightly wounded.
The adder bites you.
You take 3 damage, and have 5/8 hp.
MASSIVE DAMAGE!!
You barely miss the adder.
The adder is lightly wounded.
The adder barely misses you. The adder closely misses you.
You scratch the adder but do no damage.
The adder is lightly wounded.
The adder bites you.
Ouch! That really hurt!
You die...

. .. .# ..+ ...#
#######....#
#....@S....#
#.####....##
#######.####.##.#
..................
#######.####.... .
#######.#######.
.................
#######.######..##
#.........


You could see an adder.

Vanquished Creatures
  A leopard gecko (D:1)
  2 jackals (D:1)
  2 frilled lizards (D:1)
5 creatures vanquished.

Notes
Turn   | Place    | Note
-------+----------+-------------------------------------------
     0 | D:1      | namelastname112 the Felid Wanderer began the quest for the Orb.
     0 | D:1      | namelastname112 set off with: a scroll of fear, a potion of heal wounds, a potion of curing, the Compendium of Slavery, a meat ration
     0 | D:1      | Reached XP level 1. HP: 7/7 MP: 5/5
     0 | D:1      | Identified the Compendium of Slavery
   135 | D:1      | You fall through a shaft!
   154 | D:2      | Slain by an adder

Vault maps used:
D:1:      tarquinn_simple_flora_water_a, minmay_crystal_water,
          minmay_shallow_snake_nest

Action                   || total
-------------------------++-------
Melee: Unarmed           ||    12
 Stab: Sleeping          ||     3
  Eat: Chunk             ||     3
Dodge: Dodged            ||     6

Table legend:
 A = Spawn XP
 B = Non-spawn XP
 C = Spawn XP percentage of total XP
 D = Spawn monster count
 E = Non-spawn monster count
 F = Spawn count percentage of total count
 G = Total turns spent on level
                    A         B        C        D         E        F      G
               +---------+---------+-------+---------+---------+-------+---------
         Total |       0 |       9 |   0.0 |       0 |       5 |   0.0 |   154
               +---------+---------+-------+---------+---------+-------+---------
           D:1 |       0 |       9 |   0.0 |       0 |       5 |   0.0 |   135
               +---------+---------+-------+---------+---------+-------+---------
